 Dungeon Crawl Stone Soup version 0.24-a0-520-g8fd06ad0bc (webtiles) character file.

Game seed: 15674995470204239742

177 vurker the Bolt Thrower (level 5, 0/32 HPs)
             Began as a Kobold Hunter on July 27, 2019.
             Was an Initiate of Okawaru.
             Slain by an ogre
             ... wielding a +0 giant spiked club
              (32 damage)
             ... on level 4 of the Dungeon.
             The game lasted 00:06:24 (4172 turns).

vurker the Bolt Thrower (Kobold Hunter)             Turns: 4172, Time: 00:06:24

Health: 0/32       AC:  3    Str: 11    XL:     5   Next: 88%
Magic:  5/5        EV: 14    Int: 18    God:    Okawaru [......]
Gold:   199        SH:  0    Dex: 15    Spells: 4/4 levels left

rFire    . . .     SeeInvis .   a - +1 hand crossbow
rCold    . . .     Gourm    .   (shield restricted)
rNeg     . . .     Faith    .   c - +0 leather armour
rPois    .         Spirit   .   (no helmet)
rElec    .         Reflect  .   (no cloak)
rCorr    .         Harm     .   (no gloves)
MR       .....                  (no boots)
Stlth    ++........             p - amulet of regeneration
HPRegen  0.50/turn              l - +6 ring of intelligence
MPRegen  0.09/turn              (no ring)

@: no status effects
A: small, carnivore
a: Renounce Religion


You were on level 4 of the Dungeon.
You worshipped Okawaru.
Okawaru was noncommittal.
You were very full.

You visited 2 branches of the dungeon, and saw 5 of its levels.

You collected 199 gold pieces.

Inventory:

Hand Weapons
 a - a +1 hand crossbow (weapon)
 b - a +0 short sword
Missiles
 d - 52 bolts (quivered)
Armour
 c - a +0 leather armour (worn)
Jewellery
 l - a +6 ring of intelligence (left hand)
   (You found it on level 1 of the Dungeon)
 p - an amulet of regeneration (around neck)
   (You found it on level 3 of the Dungeon)
Scrolls
 f - 5 scrolls of identify {unknown}
 g - a scroll of remove curse {unknown}
 h - a scroll of fear {unknown}
 j - a scroll of enchant armour {unknown}
 o - a scroll of random uselessness {unknown}
 q - a scroll of immolation {unknown}
 s - a scroll of enchant weapon {unknown}
Potions
 i - a potion of curing {unknown}
 m - 2 potions of degeneration {unknown}
 n - a potion of heal wounds {unknown}
 r - a potion of resistance {unknown}
Comestibles
 e - 3 rations
 k - 3 chunks of flesh


   Skills:
 + Level 3.3 Fighting
 * Level 4.1 Short Blades
 * Level 6.2 Crossbows
 - Level 2.4 Dodging
 - Level 1.3 Stealth
 + Level 0.0 Invocations


You had 4 spell levels left.
You didn't know any spells.
Your spell library was empty.

Dungeon Overview and Level Annotations

Branches:
Dungeon (4/15)             Temple (1/1) D:4

Altars:
Elyvilon
Fedhas
Gozag
Kikubaaqudgha
Okawaru
Qazlal
Trog
Uskayaw
Xom


Innate Abilities, Weirdness & Mutations

You are small and have problems with some larger weapons.
You are carnivorous and can eat meat at any time.


Message History

No target in view!
r - a fuming puce potion
d - 57 bolts (gained 1)
You butcher the quokka corpse.
k - 3 chunks of flesh (gained 2)
You see here a quokka skeleton. x2
You open the door.
Found a stone staircase leading down.
There is an open door here.
A frilled lizard comes into view.
Found a scroll labeled MODECEL AFEU and 12 gold pieces.
A frilled lizard is nearby!
Firing (i - inventory)
d - 57 bolts (quivered)
Aim: a frilled lizard (resting)
You shoot a bolt. The bolt hits the frilled lizard.
You kill the frilled lizard!
Okawaru accepts your kill.
No target in view!
No target in view!
s - a scroll labeled MODECEL AFEU You now have 199 gold pieces (gained 12).
An ogre comes into view. It is wielding a +0 giant spiked club.
The ogre shouts!
The ogre moves out of view.
d - 57 bolts (gained 1)
You see here a frilled lizard corpse.
An ogre is nearby!
An ogre is nearby!
Firing (i - inventory)
d - 57 bolts (quivered)
Aim: an ogre, wielding a +0 giant spiked club You shoot a bolt.
The bolt hits the ogre!
Firing (i - inventory)
d - 56 bolts (quivered)
Aim: an ogre, wielding a +0 giant spiked club (moderately wounded)
You shoot a bolt. The bolt hits the ogre.
Firing (i - inventory)
d - 55 bolts (quivered)
Aim: an ogre, wielding a +0 giant spiked club (moderately wounded)
You shoot a bolt. The bolt hits the ogre.
Firing (i - inventory)
d - 54 bolts (quivered)
Aim: an ogre, wielding a +0 giant spiked club (heavily wounded)
You shoot a bolt. The bolt hits the ogre!
The ogre hits you with a +0 giant spiked club!!
Ouch! That really hurt!
* * * LOW HITPOINT WARNING * * *
There is an open door here.
Firing (i - inventory)
d - 53 bolts (quivered)
Aim: an ogre, wielding a +0 giant spiked club (severely wounded)
You shoot a bolt. The bolt hits the ogre.
The ogre hits you with a +0 giant spiked club!!
Ouch! That really hurt!
You die...

#...#.....#.
###...#.......
#.+...'.....>.
###.#...#.......
#.....###.......
#.....# #...#### #
#.....# #####
#####.###.....#
.......@O.....#
########.###.#.###
#.###### #.#.#
#......# ##.#.#
#.####+#.....#.#
#.#.<^.....###.#
#..........# #.#
#..........# #.#
#.############.#


You could see an ogre.

Vanquished Creatures
  An iguana (D:4)
  8 adders
  3 worms
  A dart slug (D:2)
  2 leopard geckos
  An orc (D:3)
  A ball python (D:1)
  8 bats
  5 giant cockroaches
  7 goblins
  9 hobgoblins
  2 quokkas (D:4)
  4 frilled lizards
  7 kobolds
  10 rats
69 creatures vanquished.

Vanquished Creatures (others)
  3 toadstools (D:1)
3 creatures vanquished.

Grand Total: 72 creatures vanquished

Notes
Turn   | Place    | Note
-------+----------+-------------------------------------------
     0 | D:1      | vurker the Kobold Hunter began the quest for the Orb.
     0 | D:1      | Reached XP level 1. HP: 12/12 MP: 1/1
   331 | D:1      | Reached skill level 1 in Short Blades
   331 | D:1      | Reached skill level 5 in Crossbows
   339 | D:1      | Reached XP level 2. HP: 17/18 MP: 2/2
   719 | D:1      | Reached XP level 3. HP: 22/22 MP: 3/3
  1781 | D:2      | Reached XP level 4. HP: 7/27 MP: 4/4
  2747 | D:2      | Reached XP level 5. HP: 32/32 MP: 5/5
  3402 | D:3      | Found a stormy altar of Qazlal.
  3464 | D:3      | Noticed an air elemental
  3465 | D:3      | Noticed a water elemental
  3465 | D:3      | Noticed a fire elemental
  3548 | D:3      | Reached skill level 6 in Crossbows
  4015 | D:4      | Found a staircase to the Ecumenical Temple.
  4023 | Temple   | Entered the Ecumenical Temple
  4053 | Temple   | Became a worshipper of Warmaster Okawaru
  4125 | D:4      | Noticed an ogre
  4172 | D:4      | Slain by an ogre

Levels and vault maps discovered:
D:1:      nzn_arrival_depleted_hourglass, layout_basic, interstate_on_off,
          minmay_gold_behind_fungi
D:2:      layout_basic
D:3:      layout_basic, nicolae_qazlal_style_of_elements, nrook_mini_vaults
D:4:      minmay_door_path, layout_basic, zin_purify,
          grunt_temple_overflow_holy_war, minmay_temple_entry_slanted,
          first_ration, kennysheep_generic_room_8
Temple:   regret_index_temple_sphere_string

Skill      XL: |  1  2  3  4  5 |
---------------+----------------+-----
Short Blades   | 1 2 3 4 |  4.1
Crossbows      | 5 6 |  6.2
Fighting       | 3 |  3.3
Dodging        | |  2.4
Stealth        | |  1.3

Action                   |  1- 3 |  4- 6 || total
-------------------------+-------+-------++-------
Melee: Short sword       |   110 |    32 ||   142
 Fire: Hand crossbow     |    10 |    76 ||    86
 Stab: Sleeping          |     5 |       ||     5
  Eat: Chunk             |    10 |     8 ||    18
Armor: Leather armour    |    35 |    14 ||    49
Dodge: Dodged            |    84 |    59 ||   143

Table legend:
 A = Non-vault XP
 B = Vault XP
 C = Vault XP percentage of total XP
 D = Non-vault monster count
 E = Vault monster count
 F = Vault count percentage of total count
                 A         B        C        D         E       F
            +---------+---------+-------+---------+---------+-------
      Total |     254 |       0 |   0.0 |      69 |       0 |   0.0
            +---------+---------+-------+---------+---------+-------
        D:1 |      46 |       0 |   0.0 |      30 |       0 |   0.0
        D:2 |     132 |       0 |   0.0 |      24 |       0 |   0.0
        D:3 |      33 |       0 |   0.0 |      10 |       0 |   0.0
        D:4 |      43 |       0 |   0.0 |       5 |       0 |   0.0
            +---------+---------+-------+---------+---------+-------
